 Dungeon Crawl Stone Soup version bcrawl-1.34.4 (webtiles) character file.

Game seed: 11570846580877689726

203739 KristoblXynda the Covert (level 9, -10/69 HPs)
             Began as a Vampire Gladiator on Oct 26, 2021.
             Was an Initiate of Ashenzari.
             Mangled by an orc warrior (17 damage)
             ... in a bailey.
             The game lasted 00:11:16 (8373 turns).

KristoblXynda the Covert (Vampire Gladiator)        Turns: 8373, Time: 00:11:17

Health: -10/69     AC:  9    Str: 19    XL:     9   Next: 16%
Magic:  9/9        EV: 16    Int:  9    God:    Ashenzari [......]
Gold:   424        SH:  2    Dex: 15    Spells: 8/8 levels left

rFire    . . .     SeeInvis +   a - +1 long sword
rCold    + . .     Gourm    .   (no shield)
rNeg     + + .     Faith    .   v - +1 robe {MR+}
rPois    ∞         Spirit   .   c - +1 helmet
rElec    .         Reflect  .   b - +2 cloak
rCorr    .         Harm     .   w - +0 pair of gloves
MR       +....                  (no boots)
Stlth    ++++++....             (no amulet)
HPRegen  0.10/turn              (no ring)
MPRegen  0.11/turn              (no ring)

@: regenerating slowly
A: claws 1, fangs 3, see invisible, unbreathing
a: Curse Item, Renounce Religion


You were in a bailey.
You worshipped Ashenzari.
Ashenzari was noncommittal.
You were thirsty.

You visited 2 branches of the dungeon, and saw 8 of its levels.
You also visited: Bailey.

You collected 424 gold pieces.

Inventory:

Hand Weapons
 a - a +1 long sword (weapon)
Armour
 b - a +2 cloak (worn)
 c - a +1 helmet (worn)
 v - a +1 robe of magic resistance (worn)
 w - a +0 pair of gloves (worn)
Wands
 p - a wand of paralysis (4)
Scrolls
 g - 8 scrolls of teleportation
 h - a scroll of amnesia
 i - a scroll of identify
 k - 2 scrolls of immolation
 o - a scroll of fear
 x - a scroll of remove curse
Potions
 f - 4 potions of haste
 j - 2 potions of mutation
 l - 5 potions of brilliance
 m - a potion of resistance
 n - a potion of flight
 q - 17 potions of blood
 r - a potion of cancellation
 u - a potion of curing


   Skills:
 + Level 6.1 Fighting
 + Level 8.2 Long Blades
 - Level 2.0 Throwing
 + Level 0.7 Armour
 + Level 7.5 Dodging
 + Level 9.0 Stealth


You had 8 spell levels left.
You didn't know any spells.
Your spell library was empty.

Dungeon Overview and Level Annotations

Branches:
Dungeon (7/12)             Temple (1/1) D:4
   Lair: D:7-9

Altars:
Ashenzari
Dithmenos
Fedhas
Gozag
Hepliaklqana
Kikubaaqudgha
Lugonu
Makhleb
Nemelex Xobeh
Qazlal
Ru
Sif Muna
Trog
Uskayaw
Vehumet
Xom
Zin
The Shining One

Shops:
D:6 *


Innate Abilities, Weirdness & Mutations

You heal slowly.
You are immune to poison.
You have sharp fingernails.
You have razor-sharp teeth.
You have supernaturally acute eyesight. (SInv)
You can survive without breathing.


Message History

The orc warrior barely misses you.
You closely miss the orc warrior. You bite the orc warrior.
You draw the orc warrior's blood!
You feel better.
You feel slightly less thirsty.
The orc warrior is heavily wounded.
You hit the orc warrior. Your bite misses the orc warrior.
The orc warrior is heavily wounded.
The orc warrior hits you!
* * * LOW HITPOINT WARNING * * *
You closely miss the orc warrior.
The orc warrior is heavily wounded.
The orc warrior hits you.
* * * LOW HITPOINT WARNING * * *
Evoke which item? (* to show all) (? for menu, Esc to quit)
Aiming: Paralyse
Press: ? - help, Shift-Dir - straight line, f/p - orc warrior
Aim: an orc warrior, wearing a +0 ring mail and quivering 67 bolts (heavily wounded, chance to defeat MR: 46%)
The orc warrior resists with some effort.
The orc warrior hits you!
You die...

.............## .........
....≈≈≈≈≈....## .....≈≈≈≈≈.
..≈≈#.#≈≈....#######....≈≈#o#≈≈
..≈##.∩#≈.............
..≈..^..≈.............
..≈##.##≈.............
≈≈#.#≈≈.............
.≈≈≈≈≈..............
............@o....(.
....................
....................
....................
....................
....................
####################


You could see an orc warrior.

Vanquished Creatures
  Eustachio (D:4)
  Duvessa (D:5)
  3 orc warriors (Bailey)
  2 sky beasts (D:5)
  A centaur (D:6)
  2 bullfrogs
  Blork the orc (D:6)
  Dowan (D:5)
  2 scorpions (D:5)
  4 orc priests
  3 crimson imps
  A bullfrog zombie (D:5)
  A jelly (D:6)
  Crazy Yiuf (D:6)
  A centaur skeleton (D:4)
  3 hounds
  8 orc wizards
  3 iguanas
  5 worker ants
  A statue (D:6)
  7 adders
  A shadow imp (D:7)
  2 oozes
  An adder zombie (D:5)
  3 worms
  A dart slug (D:1)
  2 leopard geckos
  29 orcs
  2 ball pythons
  2 giant cockroaches
  7 goblins
  11 hobgoblins
  7 jackals (D:5)
  11 kobolds
  3 quokkas
  A ball python skeleton (D:4)
  10 bats
  7 frilled lizards
  A quokka skeleton (D:4)
  5 rats
158 creatures vanquished.

Notes
Turn   | Place    | Note
-------+----------+-------------------------------------------
     0 | D:1      | KristoblXynda the Vampire Gladiator began the quest for the
                  | Orb.
     0 | D:1      | Reached XP level 1. HP: 17/17 MP: 1/1
   149 | D:1      | Reached XP level 2. HP: 19/23 MP: 2/2
   577 | D:1      | Reached XP level 3. HP: 29/29 MP: 3/3
  1373 | D:2      | Reached skill level 1 in Stealth
  1408 | D:2      | Noticed a +0 dagger
  1409 | D:2      | Found a hide-covered altar of Uskayaw.
  1409 | D:2      | Noticed a +0 dagger
  1642 | D:2      | Reached XP level 4. HP: 22/35 MP: 4/4
  2275 | D:3      | Reached skill level 2 in Stealth
  2304 | D:3      | Reached XP level 5. HP: 14/41 MP: 5/5
  2522 | D:3      | Found a shimmering altar of Xom.
  2911 | D:3      | Found a faded altar of an unknown god.
  3033 | D:3      | Found a hazy altar of Hepliaklqana.
  3039 | D:3      | Found a bloodstained altar of Trog.
  3042 | D:3      | Found a shattered altar of Ashenzari.
  3051 | D:3      | Became a worshipper of Ashenzari the Shackled
  3052 | D:3      | Found the cursed amulet of Vision {SInv *Curse}
  3111 | D:4      | Reached skill level 3 in Stealth
  3264 | D:4      | Found a staircase to the Ecumenical Temple.
  3274 | D:4      | Reached skill level 5 in Long Blades
  3350 | D:4      | Noticed Eustachio
  3381 | D:4      | Killed Eustachio
  3382 | D:4      | Reached skill level 4 in Stealth
  3382 | D:4      | Reached XP level 6. HP: 18/48 MP: 6/6
  3388 | D:4      | Reached skill level 5 in Dodging
  3878 | D:4      | Reached XP level 7. HP: 24/54 MP: 7/7
  3883 | D:4      | Reached skill level 5 in Stealth
  4704 | Temple   | Entered the Ecumenical Temple
  4992 | D:5      | Entered Level 5 of the Dungeon
  5050 | D:5      | Noticed Duvessa
  5051 | D:5      | Noticed Dowan
  5076 | D:5      | Reached skill level 6 in Stealth
  5081 | D:5      | Killed Duvessa
  5107 | D:5      | Reached skill level 5 in Fighting
  5107 | D:5      | Reached XP level 8. HP: 15/62 MP: 8/8
  5114 | D:5      | Killed Dowan
  5389 | D:5      | Reached skill level 7 in Stealth
  6111 | D:5      | Found a sparkling altar of Nemelex Xobeh.
  6111 | D:5      | Found a burning altar of Makhleb.
  6240 | D:4      | Found a shadowy altar of Dithmenos.
  6367 | D:6      | Found a radiant altar of Vehumet.
  6468 | D:6      | Noticed Blork the orc
  6491 | D:6      | Killed Blork the orc
  6492 | D:6      | Reached skill level 8 in Stealth
  7061 | D:6      | Found Pueh's Assorted Antiques.
  7299 | D:6      | Found a runed door.
  7304 | D:6      | Noticed Crazy Yiuf
  7309 | D:6      | Killed Crazy Yiuf
  7366 | D:7      | Reached XP level 9. HP: 42/69 MP: 9/9
  7408 | D:7      | Found a flagged portal.
  7417 | Bailey   | Entered a bailey
  8365 | Bailey   | Reached skill level 9 in Stealth
  8373 | Bailey   | Mangled by an orc warrior

Skill      XL: |  1  2  3  4  5  6  7  8  9 |
---------------+----------------------------+-----
Long Blades    | 4 5 6 7 8 |  8.2
Fighting       | 3 4 5 6 |  6.1
Throwing       | 2 |  2.0
Stealth        | 1 2 4 6 8 9 |  9.0
Dodging        | 4 5 6 7 |  7.5
Armour         | |  0.7

Action                   |  1- 3 |  4- 6 |  7- 9 || total
-------------------------+-------+-------+-------++-------
Melee: Long sword        |   131 |   143 |   336 ||   610
       Bite              |    13 |    11 |    47 ||    71
Throw: Throwing net      |       |       |     4 ||     4
Evoke: Wand              |       |       |     3 ||     3
  Use: Potion            |     3 |     7 |    19 ||    29
       Scroll            |     3 |     5 |     8 ||    16
 Stab: Sleeping          |     9 |     7 |     8 ||    24
       Distracted        |       |       |     2 ||     2
       Held in net/web   |       |       |     2 ||     2
Armor: Leather armour    |    28 |    37 |    40 ||   105
       Robe              |       |       |    24 ||    24
Dodge: Dodged            |    78 |    88 |   215 ||   381
Block: Other             |     2 |     6 |    22 ||    30
